 Dungeon Crawl Stone Soup version 0.30-b1-2-g02819fbbbe (webtiles) character file.

Game seed: 2039288524932661850

152 Metae the Trooper (level 5, -3/47 HPs)
             Began as a Minotaur Fighter on June 30, 2023.
             Killed by nerve-wracking pain
             ... invoked by an orc priest
              (4 damage)
             ... on level 4 of the Dungeon.
             The game lasted 00:04:40 (1565 turns).

Metae the Trooper (Minotaur Fighter)                Turns: 1565, Time: 00:04:40

Health: -3/47      AC:  9    Str: 23    XL:     5   Next: 11%
Magic:  4/4        EV:  8    Int:  5    God:
Gold:   106        SH:  4    Dex:  9    Spells: 4/4 levels left

rFire   . . .        f - +2 whip (drain)
rCold   . . .        c - +0 buckler
rNeg    . . .        t - +0 chain mail
rPois   .            (helmet restricted)
rElec   .            (no cloak)
rCorr   .            (no gloves)
SInv    .            (no boots)
Will    .....        (no amulet) Stlth
                     (no ring)
HPRegen 0.27/turn    (no ring)
MPRegen 0.09/turn

%: no passive effects
@: brilliant
A: horns 2, retaliatory headbutt
a: no special abilities


You were on level 4 of the Dungeon.
You visited 1 branch of the dungeon, and saw 3 of its levels.

You collected 106 gold pieces.

Inventory:

Hand Weapons
 a - a +0 rapier
 f - a +2 whip of draining (weapon)
 v - the +5 falchion "Xeluot" {holy, *Corrode rElec rC+}
   (You found it on level 4 of the Dungeon)

   rC:        It protects you from cold.
   rElec:     It insulates you from electricity.
   *Corrode:  It may corrode you when you take damage.
Missiles
 q - 3 poisoned darts (quivered)
 s - 2 boomerangs
Armour
 c - a +0 buckler (worn)
 t - a +0 chain mail (worn)
Scrolls
 b - a scroll of noise {unknown}
 g - a scroll of torment {unknown}
 h - a scroll of immolation {unknown}
 i - 2 scrolls of blinking {unknown}
 k - a scroll of amnesia {unknown}
 l - 3 scrolls of silence {unknown}
 n - a scroll of fog {unknown}
 o - a scroll of vulnerability {unknown}
 r - 3 scrolls of identify {unknown}
Potions
 d - a potion of might
 e - a potion of brilliance
 j - a potion of lignification {unknown}
 m - a potion of attraction {unknown}
 p - a potion of flight {unknown}
 u - a potion of magic {unknown}


   Skills:
 + Level 4.5 Fighting
 - Level 2.3 Short Blades
 + Level 2.2 Maces & Flails
 + Level 4.4 Armour
 + Level 2.1 Dodging
 + Level 4.5 Shields


You had 4 spell levels left.
You didn't know any spells.
Your spell library contained the following spells:

 Spells                   Type           Power      Damage    Failure   Level
 Cigotuvi's Dreadful Rot  Necr/Pois/Air  0%         N/A       99%         2
 Gell's Gravitas          Tloc           0%         N/A       100%        3
 Ignite Poison            Fire/Tmut/Pois 0%         N/A       100%        3
 Teleport Other           Tloc           0%         N/A       100%        3
 Freezing Cloud           Conj/Ice/Air   0%         6-21      100%        5
 Dispersal                Tloc           0%         N/A       100%        6


Dungeon Overview and Level Annotations

Branches:
Dungeon (2/15)             Temple (0/1) D:4

Altars:

Shops:
D:2 :


Innate Abilities, Weirdness & Mutations

You have a pair of horns on your head.
You reflexively headbutt those who attack you in melee.


Message History

You hit the orc priest.
You kill the orc priest!
The orc hits you from afar with a +0 trident.
You have reached level 5!
You whack the orc!
You kill the orc!
The orc barely misses you.
The orc priest hits you with a +0 dagger.
The orc hits you with a +0 trident.
Items here: )) [[ †.
You hit the orc priest but do no damage.
You drain the orc priest. Your headbutt misses the orc priest.
The orc priest is lightly wounded.
The orc priest hits you but does no damage.
The orc hits you but does no damage.
You hit the orc priest but do no damage.
The orc priest is lightly wounded.
The orc priest hits you but does no damage.
The orc barely misses you.
You hit the orc priest. You drain the orc priest.
The orc priest is severely wounded.
The orc priest hits you but does no damage.
The orc closely misses you. You furiously retaliate!
You headbutt the orc. You closely miss the orc priest.
The orc priest is severely wounded.
The orc priest invokes the aid of Beogh against you.
Pain shoots through your body!
* * * LOW HITPOINT WARNING * * *
The orc hits you but does no damage.
The orc priest attacks as you move away!
The orc priest hits you with a +0 dagger.
* * * LOW HITPOINT WARNING * * *
The orc hits you from afar with a +0 trident.
* * * LOW HITPOINT WARNING * * *
Items here: )) [ ††.
It was a potion of brilliance.
You feel clever all of a sudden.
The orc priest mumbles some strange prayers to Beogh against you.
Pain shoots through your body!
You die...

.........#....## #.##
########.######### #.#.##
#.......... .....#
###.######### .# ..#..##
#........... #..# #....#
####...#########
#....#..#.###.....## #.
.#....##.o##..##.##########.
o...>.....o@.###.#.)........
.##....#..#### #.#..........
#..#....#.# ..#.......... .
#.#(.#..? ..#..........
#...##..... ...##########.
..... .........# #. ###...
........ #. #... ........ #.
#.


You could see an orc priest (very drained) and an orc.

Vanquished Creatures
  A jelly (D:4)
  An orc priest (D:4)
  Jessica (D:2)
  An adder (D:2)
  3 worms (D:2)
  2 orcs (D:4)
  A ball python (D:1)
  6 endoplasms
  2 giant cockroaches
  6 goblins
  3 hobgoblins
  3 jackals (D:1)
  5 kobolds
  2 quokkas (D:2)
  4 bats
  3 frilled lizards
  3 rats
47 creatures vanquished.

Notes
Turn   | Place    | Note
-------+----------+-------------------------------------------
     0 | D:1      | Metae the Minotaur Fighter began the quest for the Orb.
     0 | D:1      | Reached XP level 1. HP: 19/19 MP: 0/0
   112 | D:1      | Reached XP level 2. HP: 26/27 MP: 1/1
   282 | D:1      | Reached skill level 1 in Dodging
   617 | D:2      | Noticed Jessica
   623 | D:2      | Killed Jessica
   624 | D:2      | Reached skill level 1 in Maces & Flails
   624 | D:2      | Reached XP level 3. HP: 11/33 MP: 2/2
   813 | D:2      | Found Rauhella's Book Shoppe.
   885 | D:2      | Reached XP level 4. HP: 40/40 MP: 3/3
  1071 | D:2      | Found a faded altar of an unknown god.
  1271 | D:2      | You fall into a shaft and drop 2 floors!
  1275 | D:4      | Identified the +5 falchion "Xeluot" {holy, *Corrode rElec
                  | rC+}
  1538 | D:4      | Found a staircase to the Ecumenical Temple.
  1558 | D:4      | Reached XP level 5. HP: 22/47 MP: 4/4
  1564 | D:4      | HP: 1/47 [orc/+0 trident (3)]
  1565 | D:4      | Killed from afar by an orc priest

Illustrated notes

Levels and vault maps discovered:
D:1:      lightli_arrival_boilingwater, layout_rooms
D:2:      layout_loops_ring, serial_shops, nicolae_shop_stone,
          chequers_ecumenical_altar_simple, minmay_fractal_squares_5,
          uniq_jessica
D:4:      layout_basic, nicolae_qazlal_eye_of_the_storm, led_xom_imps,
          minmay_temple_entry_mini_moons, roderic_serpentine_path,
          uniq_crazy_yiuf_cottage

Skill      XL: |  1  2  3  4 |
---------------+-------------+-----
Dodging        | 1 2 |  2.1
Fighting       | 4 |  4.5
Maces & Flails | 1 2 |  2.2
Armour         | 4 |  4.4
Shields        | 4 |  4.5
Short Blades   | |  2.3

Action                     |  1- 3 |  4- 6 || total
---------------------------+-------+-------++-------
  Melee: Whip              |    70 |    35 ||   105
         Rapier            |     5 |       ||     5
         Headbutt          |     8 |     5 ||    13
    Use: Potion            |       |     1 ||     1
 Armour: Scale mail        |    27 |     7 ||    34
         Chain mail        |       |     9 ||     9
  Dodge: Dodged            |    26 |    20 ||    46
  Block: Buckler           |    16 |     9 ||    25
